 Dungeon Crawl Stone Soup version 0.31.0-11-ge490571c62 (webtiles) character file.

Game seed: 16489693768994349292

43 ezpacito the Trooper (level 3, 29/29 HPs)
             Began as a Demonspawn Berserker on Jan 30, 2024.
             Was a Believer of Trog.
             Quit the game on level 2 of the Dungeon.
             The game lasted 00:00:50 (538 turns).

ezpacito the Trooper (Demonspawn Berserker)          Turns: 538, Time: 00:00:51

Health: 29/29      AC:  8    Str: 17    XL:     3   Next: 37%
Magic:  3/3        EV:  8    Int:  7    God:    Trog [**....]
Gold:   67         SH:  0    Dex: 14    Spells: 2/2 levels left

rFire   . . .        a - +0 hand axe
rCold   . . .        (no shield)
rNeg    . . .        h - +0 chain mail
rPois   .            (helmet restricted)
rElec   .            c - scarf {+Inv}
rCorr   .            (no gloves)
SInv    .            (no boots)
Will    .....        (no amulet) Stlth
                     (no ring)
HPRegen 3.24/turn    (no ring)
MPRegen 0.08/turn

%: no passive effects
@: on berserk cooldown, slowed, very slow
A: antennae 1, powered by death 1
a: Renounce Religion, Evoke Invisibility, Berserk, Trog's Hand


You were on level 2 of the Dungeon.
You worshipped Trog.
Trog was pleased with you.
You visited 1 branch of the dungeon, and saw 2 of its levels.

You collected 67 gold pieces.

Inventory:

Hand Weapons
 a - a +0 hand axe (weapon)
Missiles
 k - 6 stones (quivered)
Armour
 c - a scarf of invisibility (worn)
 f - a scarf of invisibility
 h - a +0 chain mail (worn)
Scrolls
 b - a scroll of fear {unknown}
 d - a scroll of enchant weapon {unknown}
 e - a scroll of poison {unknown}
 g - a scroll of teleportation {unknown}
 j - a scroll of identify {unknown}
Potions
 i - a potion of curing {unknown}


   Skills:
 * Level 3.5 Fighting
 * Level 3.1 Axes
 * Level 2.0 Armour
 * Level 2.0 Dodging
 * Level 0.3 Stealth
 * Level 0.6 Unarmed Combat


You had 2 spell levels left.
You didn't know any spells.
Your spell library was empty.

Dungeon Overview and Level Annotations

Branches:
Dungeon (2/15)

Altars:


Innate Abilities, Weirdness & Mutations

You have a pair of small antennae on your head.
You regenerate a little health from kills.


Message History

Your Dodging skill increases to level 2!
The hobgoblin barely misses you.
You see here a +0 club.
Unknown command.
You hit the goblin.
The goblin is heavily wounded.
You closely miss the hobgoblin. You barely miss the hobgoblin.
You closely miss the goblin. The goblin hits you but does no damage.
The goblin hits you with a +0 dagger.
You barely miss the goblin.
The goblin is heavily wounded.
You hit the hobgoblin. x2
You kill the hobgoblin!
Trog accepts your kill.
You hit the goblin. The hobgoblin barely misses you.
The goblin completely misses you.
You slash the goblin!
You kill the goblin!
Trog accepts your kill.
You hit the goblin.
You kill the goblin!
Trog accepts your kill.
You can now call upon Trog for regeneration and willpower.
You hit the hobgoblin.
You kill the hobgoblin!
Trog accepts your kill.
Your Armour skill increases to level 2!
You slash the dart slug!
The dart slug is almost dead.
You are no longer berserk.
You are exhausted.
You feel yourself slow down.
Unknown command.
You hit the dart slug.
You kill the dart slug!
Trog accepts your kill.
Items here: )) [[.
Items here: )) [[.
Okay, then.
Are you sure you want to abandon this character and quit the game? (Confirm with "yes".)

#.....?# .....
#......# .....
#......# ......
#......# ....#
#......##....# .
#............##
..###.....)!.......
........).@)......#
........)#))......#
.......<.#........#
.....#.!.#........#
.... #...+........#
... #...#.....####
#...#.....#
..........# ..##.#


There were no monsters in sight!

Vanquished Creatures
  Robin (D:2)
  A dart slug (D:2)
  An endoplasm (D:1)
  A giant cockroach (D:1)
  8 goblins (D:2)
  6 hobgoblins
  2 quokkas
  2 bats (D:1)
  3 frilled lizards (D:1)
  4 rats (D:1)
29 creatures vanquished.

Notes
Turn   | Place    | Note
-------+----------+-------------------------------------------
     0 | D:1      | ezpacito the Demonspawn Berserker began the quest for the
                  | Orb.
     0 | D:1      | Reached XP level 1. HP: 18/18 MP: 1/1
   212 | D:1      | Gained mutation: You regenerate a little health from kills.
                  | [demonic ancestry]
   212 | D:1      | Reached XP level 2. HP: 23/24 MP: 2/2
   291 | D:1      | Found a faded altar of an unknown god.
   518 | D:2      | Noticed Robin
   526 | D:2      | Killed Robin
   527 | D:2      | Gained mutation: You have a pair of small antennae on your
                  | head. [demonic ancestry]
   527 | D:2      | Reached XP level 3. HP: 29/29 MP: 3/3
   532 | D:2      | Reached ** piety under Trog
   538 | D:2      | Quit the game

Illustrated notes

Levels and vault maps discovered:
D:1:      tarquinn_simple_flora_water_f, layout_basic,
          ebering_ecumenical_altar_box, wander_ebering_terrifying_dragon_lair
D:2:      layout_basic, serial_shops, nicolae_shop_advertising_works
          [nicolae_subvault_shop_adworks], grunt_ministairs_6, uniq_natasha,
          uniq_robin

Skill      XL: |  1  2  3 |
---------------+----------+-----
Axes           | 3 |  3.1
Dodging        | 2 |  2.0
Armour         | 2 |  2.0
Fighting       | |  3.5
Stealth        | |  0.3
Unarmed Combat | |  0.6

Action                     || total
---------------------------++-------
  Melee: Hand axe          ||    52
 Invoke: Berserk           ||     1
 Armour: Animal skin       ||    17
         Chain mail        ||    23
  Dodge: Dodged            ||    39
